 Dungeon Crawl Stone Soup version 0.29.0-7-g18a832c13a (webtiles) character file.

Game seed: 12098432947181728027

832 fingers the Ruffian (level 7, -5/37 HPs)
             Began as a Vine Stalker Berserker on Aug 30, 2022.
             Was a Believer of Trog.
             Killed by divine providence
             ... invoked by an orc priest
              (11 damage)
             ... on level 6 of the Dungeon.
             The game lasted 00:10:05 (5117 turns).

fingers the Ruffian (Vine Stalker Berserker)        Turns: 5117, Time: 00:10:06

Health: -5/37      AC: 12    Str: 21    XL:     7   Next: 98%
Magic:  0/8        EV: 23    Int:  7    God:    Trog [**....]
Gold:   230        SH:  0    Dex: 14    Spells: 6/6 levels left

rFire   + . .      SeeInvis .     - Unarmed
rCold   . . .      Faith    .   (no shield)
rNeg    . . .      Spirit   +   o - +2 chain mail {rF+}
rPois   .          Reflect  .   D - +0 hat
rElec   .          Harm     .   k - +0 cloak
rCorr   .          Rampage  .   (no gloves)
Will    .....                   (no boots)
Stlth   ..........              x - amulet of the acrobat
HPRegen 0.92/turn               (no ring)
MPRegen 0.11/turn               (no ring)

@: on berserk cooldown, acrobatic, flying, slowed, very slow
A: fangs 2, regeneration 1, magic shield, antimagic bite, no potion heal 2
a: Renounce Religion, Berserk, Trog's Hand


You were on level 6 of the Dungeon.
You worshipped Trog.
Trog was pleased with you.
You visited 1 branch of the dungeon, and saw 6 of its levels.

You collected 230 gold pieces.

Inventory:

Missiles
 B - 8 poisoned darts
Armour
 a - a +0 animal skin
 k - a +0 cloak (worn)
 l - a +0 ring mail
 o - a +2 chain mail of fire resistance (worn)
 D - a +0 hat (worn)
Jewellery
 i - an amulet of faith
 x - an amulet of the acrobat (around neck)
Wands
 n - a wand of flame (20)
 C - a wand of light (6)
Scrolls
 b - 4 scrolls of identify {unknown}
 c - 4 scrolls of blinking {unknown}
 d - 4 scrolls of fear {unknown}
 e - a scroll of immolation {unknown}
 g - a scroll of vulnerability {unknown}
 j - a scroll of teleportation {unknown}
 m - a scroll of magic mapping {unknown}
 q - a scroll of amnesia {unknown}
 r - a scroll of poison {unknown}
 t - a scroll of enchant armour {unknown}
 u - a scroll of enchant weapon {unknown}
 w - a scroll of fog {unknown}
 y - a scroll of silence {unknown}
Potions
 h - a potion of curing {unknown}
 p - 2 potions of lignification {unknown}
 s - 2 potions of heal wounds {unknown}
 v - a potion of ambrosia {unknown}
 A - a potion of degeneration {unknown}


   Skills:
 * Level 4.0 Fighting
 * Level 3.8 Armour
 * Level 2.8 Dodging
 * Level 6.8 Unarmed Combat


You had 6 spell levels left.
You didn't know any spells.
Your spell library was empty.

Dungeon Overview and Level Annotations

Branches:
Dungeon (6/15)             Temple (0/1) D:4

Altars:
Xom

Shops:
D:1 ?   D:4 *


Innate Abilities, Weirdness & Mutations

You have extremely sharp teeth.
Your natural rate of healing is unusually fast.
When hurt, damage is shared between your health and your magic reserves.
Your bite disrupts and absorbs the magic of your enemies.
Potions cannot restore your health.


Message History

You bite the orc priest. You drain its power.
You feel invigorated.
The orc priest is almost dead.
You are no longer berserk.
You are exhausted.
You feel yourself slow down.
The orc priest mumbles some strange prayers to Beogh against you.
Pain shoots through your body!
The orc priest mumbles some strange prayers to Beogh against you.
Beogh smites you!
* * * LOW HITPOINT WARNING * * *
It was a potion of magic.
Magic courses through your body.
The orc priest calls upon Beogh to heal the orc priest.
The orc priest is healed somewhat.
You barely miss the orc priest.
The orc priest is severely wounded.
The orc priest hits you but does no damage.
The orc priest closely misses you.
The orc priest invokes the aid of Beogh against you.
Beogh smites you!
* * * LOW HITPOINT WARNING * * *
The orc priest hits you but does no damage.
The orc hits you with a +0 hand axe.
It was a potion of flight.
You feel very buoyant.
You fly up into the air.
The orc hits you but does no damage. The orc priest hits you with a +0 club.
* * * LOW HITPOINT WARNING * * *
The orc priest hits you but does no damage.
The orc attacks as you move away! The orc barely misses you.
The orc priest closely misses you.
The orc priest calls down the wrath of Beogh upon you.
Beogh smites you!
* * * LOW HITPOINT WARNING * * *
The orc barely misses you.
The orc priest calls upon Beogh to heal the orc priest.
The orc priest is healed somewhat.
The orc priest misses you. The orc completely misses you.
The orc priest invokes the aid of Beogh against you.
Beogh smites you!
You die...

..........###+#####
...........$......
#....##.. ......
#....##.. #..#
.........
#..########
.........
#..o......#
#....##..
+.........#
.....#...
#...oo....#
.........
#..##@....#
########.
#..##.....+ .....
....#......# #####
#......#......#
#......##..##+#
#..##.. #..#
#..###+##..#
#..........#
#..........+


You could see 2 orc priests and an orc.

Vanquished Creatures
  Sigmund (D:3)
  A water moccasin (D:5)
  A sky beast (D:5)
  A phantom (D:5)
  A necrophage (D:4)
  A scorpion (D:3)
  A jelly (D:4)
  Terence (D:2)
  2 iguanas
  Robin (D:3)
  6 adders
  A white imp (D:6)
  2 ufetubi (D:4)
  2 dart slugs
  4 orcs
  4 bats
  9 endoplasms
  2 giant cockroaches (D:2)
  15 goblins
  5 hobgoblins
  3 quokkas
  4 ball pythons
  4 frilled lizards
  10 kobolds
  A rat (D:3)
83 creatures vanquished.

Vanquished Creatures (others)
  2 plants (D:5)
2 creatures vanquished.

Grand Total: 85 creatures vanquished

Notes
Turn   | Place    | Note
-------+----------+-------------------------------------------
     0 | D:1      | fingers the Vine Stalker Berserker began the quest for the
                  | Orb.
     0 | D:1      | Reached XP level 1. HP: 11/11 MP: 2/2
    24 | D:1      | Found Udon's Magic Scroll Shop.
   397 | D:1      | Reached XP level 2. HP: 16/16 MP: 3/3
   844 | D:2      | Noticed Terence
   853 | D:2      | Killed Terence
   854 | D:2      | Reached XP level 3. HP: 20/20 MP: 4/4
  1182 | D:2      | Gained mutation: Your natural rate of healing is unusually
                  | fast. [Vine Stalker growth]
  1182 | D:2      | Reached XP level 4. HP: 22/24 MP: 5/5
  2342 | D:3      | Reached skill level 4 in Unarmed Combat
  2530 | D:3      | Noticed Robin
  2556 | D:3      | Killed Robin
  2567 | D:3      | Reached ** piety under Trog
  2610 | D:3      | Found a faded altar of an unknown god.
  2613 | D:3      | Reached XP level 5. HP: 28/28 MP: 6/6
  2678 | D:3      | Noticed Sigmund
  2690 | D:3      | Killed Sigmund
  2691 | D:3      | Reached skill level 5 in Unarmed Combat
  2691 | D:3      | Reached XP level 6. HP: 32/32 MP: 7/7
  2783 | D:3      | Found a shimmering altar of Xom.
  2784 | D:3      | Found a shimmering altar of Xom.
  2784 | D:3      | Found a shimmering altar of Xom.
  2786 | D:3      | Found a shimmering altar of Xom.
  2787 | D:3      | Found a shimmering altar of Xom.
  3331 | D:4      | Found Feiro's Assorted Antiques.
  3499 | D:4      | Reached XP level 7. HP: 37/37 MP: 8/8
  3637 | D:4      | Found a staircase to the Ecumenical Temple.
  3765 | D:5      | Entered Level 5 of the Dungeon
  3930 | D:5      | Reached skill level 6 in Unarmed Combat
  5117 | D:6      | Killed from afar by an orc priest

Illustrated notes

Levels and vault maps discovered:
D:1:      shiori_shiawase, layout_rooms, serial_shops, shop, minmay_box_of_dots
D:2:      layout_basic, uniq_terence
D:3:      layout_basic, xom_redecorated,
          hellmonk_ecumenical_altar_pennies_from_heaven, uniq_robin,
          uniq_sigmund
D:4:      layout_basic, lemuel_temple_firewalk_b, serial_shops,
          nicolae_shop_waterfront
D:5:      layout_gridville, serial_bayou_ford_a, grunt_decor_clamped,
          chequers_serial_rivers_micro_c
D:6:      cheibrodos_iron_armory, layout_gridville, minivault_5,
          minmay_unpleasant_kobolds, uniq_edmund

Skill      XL: |  1  2  3  4  5  6  7 |
---------------+----------------------+-----
Fighting       | 3 4 |  4.0
Dodging        | 2 |  2.8
Unarmed Combat | 4 5 6 |  6.8
Armour         | 2 3 |  3.8

Action                   |  1- 3 |  4- 6 |  7- 9 || total
-------------------------+-------+-------+-------++-------
Melee: Unarmed           |    54 |    95 |    74 ||   223
       Bite              |     5 |    26 |    23 ||    54
       Punch             |       |     2 |     1 ||     3
Invok: Berserk           |     4 |     8 |     5 ||    17
  Use: Potion            |       |       |     2 ||     2
Armor: Animal skin       |     2 |       |       ||     2
       Ring mail         |     6 |       |       ||     6
       Chain mail        |    17 |    67 |    27 ||   111
Dodge: Dodged            |    29 |    36 |    37 ||   102
